 Dungeon Crawl Stone Soup version 0.20-a0-256-gabb291d (webtiles) character file.

59 KristoblXynda the Stinger (level 4, -1/36 HPs)
             Began as a Naga Venom Mage on Dec 1, 2016.
             Killed from afar by an orc wizard (5 damage)
             ... with a puff of frost
             ... on level 3 of the Dungeon.
             The game lasted 00:03:44 (1595 turns).

KristoblXynda the Stinger (Naga Venom Mage)         Turns: 1595, Time: 00:03:46

Health: -1/36      AC:  4    Str: 12    XL:     4   Next: 3%
Magic:  0/7        EV: 15    Int: 17    God:
Gold:   69         SH:  0    Dex: 16    Spells: 3/7 levels left

rFire  . . .     SeeInvis +       - Unarmed
rCold  . . .     Gourm    .     a - +0 robe
rNeg   . . .     Faith    .     (no shield)
rPois  +         Spirit   .     m - +1 helmet
rElec  .         Reflect  .     (no cloak)
rCorr  .         Harm     .     (no gloves)
MR     .....     Clarity  +     (no barding)
Stlth  ++++......               (no amulet)
                                (no ring)
                                (no ring)

@: agile, very slightly contaminated, very slow
A: see invisible, clarity, deformed body, poison resistance, slowness 2, slow
metabolism 1, spit poison 1, strong 1, AC +1
a: Spit Poison


You were on level 3 of the Dungeon.
You were not hungry.

You visited 1 branch of the dungeon, and saw 3 of its levels.

You collected 69 gold pieces.

Inventory:

Armour
 a - a +0 robe (worn)
 e - a +0 buckler
 m - a +1 helmet (worn)
Jewellery
 o - a cursed ring of loudness {unknown}
 p - an uncursed ring of magical power {unknown}
Scrolls
 d - 3 scrolls of teleportation {unknown}
Potions
 g - a potion of agility
 h - a potion of heal wounds {unknown}
 i - a potion of lignification {unknown}
 j - a potion of curing {unknown}
 l - a potion of resistance {unknown}
Books
 b - a Young Poisoner's Handbook

   Spells                             Type                      Level
   a - Sting                          Conjuration/Poison           1
   b - Mephitic Cloud                 Conjuration/Poison/Air       3
   c - Olgreb's Toxic Radiance        Poison                       4
   d - Alistair's Intoxication        Transmutation/Poison         5
   e - Venom Bolt                     Conjuration/Poison           5
Comestibles
 c - 2 bread rations
 k - 2 meat rations


   Skills:
 - Level 1.5 Dodging
 + Level 4.1 Stealth
 + Level 1.8 Unarmed Combat
 - Level 2.0 Spellcasting
 - Level 2.1 Conjurations
 + Level 0.0 Air Magic
 - Level 5.3 Poison Magic


You had 3 spell levels left.
You knew the following spells:

 Your Spells              Type           Power        Failure   Level  Hunger
a - Sting                 Conj/Pois      ##..         4%          1    #......
b - Mephitic Cloud        Conj/Pois/Air  ##......     24%         3    ###....


Dungeon Overview and Level Annotations

Branches:
Dungeon (3/15)

Altars:
Dithmenos


Innate Abilities, Weirdness & Mutations

You cannot wear boots.
Your serpentine skin is tough. (AC +1)
You have supernaturally acute eyesight. (SInv)
Armour fits poorly on your strangely shaped body.
Your system is resistant to poisons. (rPois)
You cover ground very slowly.
You have a slow metabolism.
You can spit poison.
You possess an exceptional clarity of mind.
Your muscles are strong. (Str +2)


Message History

Aiming: Sting
Press: ? - help, Shift-Dir - straight line, f/p - orc wizard
Aim: an orc wizard, wielding a dagger and wearing a robe (almost dead, fast, slightly transparent)
The sting hits the orc wizard.
The orc wizard appears unharmed.
The orc wizard is almost dead.
The orc wizard casts a spell at you. The puff of flame hits you!
* * * LOW HITPOINT WARNING * * *
The orc wizard barely misses you.
It was a potion of agility.
You feel agile all of a sudden. The orc wizard hits you with a dagger.
* * * LOW HITPOINT WARNING * * *
It was a potion of mutation.
You feel extremely strange.
Your thoughts seem clearer.
You feel stronger. The orc wizard hits you with a dagger.
* * * LOW HITPOINT WARNING * * *
The orc wizard points at you and mumbles some strange words.
The puff of frost hits you!
You die...

#. #!.. ####..[..
#....# #@# ####
####o# # #....##
####..oo#.[#
.......##.)...oo..#
#.<..<...o(...###
.....<..#######....#
.(###.>.. .###...
#.#### . .. #. # #


You could see an orc wizard (invisible) and 4 orcs.

Vanquished Creatures
  An adder (D:2)
  A dart slug (D:1)
  2 leopard geckos
  An orc (D:3)
  3 giant cockroaches
  4 hobgoblins
  2 jackals (D:1)
  3 kobolds
  A ball python (D:1)
  8 bats
  6 frilled lizards
  4 goblins
  9 rats
45 creatures vanquished.

Notes
Turn   | Place    | Note
-------+----------+-------------------------------------------
     0 | D:1      | KristoblXynda the Naga Venom Mage began the quest for the Orb.
     0 | D:1      | Reached XP level 1. HP: 15/15 MP: 3/3
    74 | D:1      | Reached skill level 1 in Conjurations
   105 | D:1      | Reached XP level 2. HP: 18/22 MP: 5/5
   112 | D:1      | Reached skill level 1 in Unarmed Combat
   461 | D:1      | Reached XP level 3. HP: 4/28 MP: 4/6
   748 | D:1      | Learned a level 3 spell: Mephitic Cloud
  1123 | D:2      | Found a shadowy altar of Dithmenos.
  1454 | D:2      | Reached XP level 4. HP: 36/36 MP: 4/7
  1595 | D:3      | Gained mutation: You possess an exceptional clarity of mind. [potion of mutation]
  1595 | D:3      | Gained mutation: Your muscles are strong. (Str +2) [potion of mutation]
  1595 | D:3      | Killed from afar by an orc wizard

Vault maps used:
D:1:      evilmike_arrival_hilbert_curve, st_stairs_6, minmay_tripent
D:2:      nicolae_overflow_crystal_walls, first_bread

Skill      XL: |  1  2  3 |
---------------+----------+-----
Conjurations   | 1 2 |  2.1
Unarmed Combat | 1 |  1.8
Stealth        | 4 |  4.1
Dodging        | |  1.5
Spellcasting   | |  2.0
Poison Magic   | |  5.3

Action                   |  1- 3 |  4- 6 || total
-------------------------+-------+-------++-------
Melee: Unarmed           |    62 |     2 ||    64
       Punch             |     1 |       ||     1
 Cast: Sting             |    51 |     9 ||    60
  Use: Potion            |       |     2 ||     2
 Stab: Sleeping          |     1 |       ||     1
  Eat: Chunk             |     2 |       ||     2
Armor: Robe              |    26 |     3 ||    29
Dodge: Dodged            |    51 |     7 ||    58
